[Event "*** Titled Tuesday 3|2 Blitz"]
[Site "Chess.com"]
[Date "2017.05.02"]
[Round "4"]
[White "Hikaru"]
[Black "Ilja_Semjonovs"]
[Result "1-0"]
[WhiteElo "2868"]
[BlackElo "2238"]
[TimeControl "180+2"]
[EndTime "13:47:13 PDT"]
[Termination "Hikaru won by resignation"]

1. b3 Nf6 2. Bb2 d6 3. d4 g6 4.
Nf3 Bg7 5. e3 O-O 6. Be2 b6 7.
c4 c5 8. O-O Bb7 9. Nc3 Nbd7 10.
Qc2 Rc8 11. Rad1 a6 12. d5 Qc7 13. Rd2 Rce8 14. Rfd1 Ne5 15. Ng5 h6 16. Nh3 Bc8 17. f4 Neg4 18. Rd3 Bf5 19. e4 Nxe4 20. Nxe4 Bxe4 21.
Bxg7 Kxg7 22. Bxg4 Bxd3 23. Qxd3 b5 24. cxb5 axb5 25. Qxb5 Ra8 26. Qe2 Ra7 27. Qb2+ Kg8 28. Be2 Rfa8 29. a4 Rb8 30. Qc2 Rb4 31. Bc4 Qd7 32. Nf2 h5 33. h3 Kg7 34. Re1 Kg8 35.
g3 Qc8 36. Kg2 Qb8 37. Nd3 Rb6 38. g4 hxg4 39. hxg4 Kg7 40. Qc3+ f6 41. f5 g5 42.
Rh1 Qb7 43. Kg3 Ra8 44. a5 Rb4 45. Nxb4 cxb4 46. Qd2 Qa7 47. a6 Qc5 48. Qf2 Qa5 49. Qh2 Rd8 1-0

[Event "*** Titled Tuesday 3|2 Blitz"]
[Site "Chess.com"]
[Date "2017.05.02"]
[Round "4"]
[White "AkshatChandra"]
[Black "David_Klein"]
[Result "1-0"]
[WhiteElo "2754"]
[BlackElo "2505"]
[TimeControl "180+2"]
[EndTime "13:47:17 PDT"]
[Termination "AkshatChandra won by resignation"]

1. d4 Nf6 2. Nf3 d5 3. Bf4 Bf5 4. e3 c6 5. c4 e6 6. Nc3 Nbd7 7. Qb3 Qb6 8. c5 Qxb3 9. axb3 a6 10. b4 Rc8 11. h3 h6 12. Nd2 Be7 13. Nb3 Bd8 14. Na5 Bxa5 15. bxa5 Ne4 16. f3 Nxc3 17. bxc3 f6 18. Bd6 Nf8 19. Ra2 Rd8 20. Rb2 Rd7 21.
Kd2 Kd8 22. Bxa6 Rxd6 23. Bxb7 Rd7 24. a6 Ke7 25. a7 Nh7 26. a8=Q Rxa8 27. Bxa8 Rc7 28.
Ra1 e5 29. Rb6 Bd7 30. Raa6 Ng5 31. Bxc6 Bc8 32. Ra8 Be6 33. Rb7 Rxb7 34. Bxb7 Nf7 35. Ra6 Nd8 36. Rb6 Kd7 37. Bxd5 Bxd5 38. Rd6+ Kc7 39.
Rxd5 Nf7 40. Kd3 Kc6 41. e4 g5 42. Kc4 h5 43. g4 h4 44. Kb4 Kc7 45. Kb5 1-0

[Event "*** Titled Tuesday 3|2 Blitz"]
[Site "Chess.com"]
[Date "2017.05.02"]
[Round "4"]
[White "BjarkeSahl"]
[Black "Vegan4future"]
[Result "1/2-1/2"]
[WhiteElo "2157"]
[BlackElo "2288"]
[TimeControl "180+2"]
[EndTime "13:47:24 PDT"]
[Termination "Game drawn by repetition"]

1. d4 Nf6 2. Bg5 Ne4 3. Bf4 g5 4. Bc1 Bg7 5. f3 Nd6 6. Bxg5 c5 7. e3 cxd4 8. exd4 Qb6 9. Nc3 Bxd4 10. Nd5 Qa5+ 11.
c3 Nc6 12. Be3 Qxd5 13. Bxd4 Nxd4 14. Qxd4 Qxd4 15. cxd4 Rg8 16. Kf2 b6 17. Bd3 h6 18.
Ne2 Bb7 19. Nc3 e6 20. Rac1 Ke7 21. Rhe1 Rac8 22. Nb5 Nxb5 23. Bxb5 d6 24. a3 Bd5 25. Ba6 Rxc1 26. Rxc1 Kd7 27. Bb5+ Kd8 28. h4 f6 29. Ba6 Kd7 30. Bb5+ Kd8 31. Ba6 Kd7 32. Bb5+ Kd8 33. Ba6 Kd7 34. Bb5+ Kd8 35. Ba6 Kd7 36. Bb5+ Kd8 1/2-1/2

[Event "*** Titled Tuesday 3|2 Blitz"]
[Site "Chess.com"]
[Date "2017.05.02"]
[Round "4"]
[White "Lawliet64"]
[Black "heartofatiger"]
[Result "1-0"]
[WhiteElo "2028"]
[BlackElo "1688"]
[TimeControl "180+2"]
[EndTime "13:47:41 PDT"]
[Termination "Lawliet64 won by resignation"]

1. e4 c5 2. Nc3 e6 3. Bc4 a6 4. d3 Nc6 5. f4 b5 6. Bb3 Nd4 7. Nf3 Nxb3 8. axb3 Bb7 9. O-O Nf6 10. Qe1 Be7 11. Bd2 d5 12. e5 Nd7 13.
Qg3 g6 14. Qh3 Qc7 15. Rae1 b4 16. Ne2 d4 17. g4 h5 18. Ng3 O-O-O 19. gxh5 gxh5 20.
Kf2 h4 21. Ne4 Nb6 22. Ke2 Nd5 23. Kd1 a5 24. f5 Qc6 25. fxe6 fxe6 26. Nfg5 Bxg5 27.
Nxg5 Rde8 28. Nf7 Kb8 29. Nd6 Re7 30. Bg5 Rg7 31. Bf6 Nxf6 32. exf6 Rg2 33. Qxe6 Rd8 34. Nxb7 Qxe6 35. Rxe6 Kxb7 36. f7 1-0

[Event "*** Titled Tuesday 3|2 Blitz"]
[Site "Chess.com"]
[Date "2017.05.02"]
[Round "4"]
[White "supertfc"]
[Black "sorito"]
[Result "0-1"]
[WhiteElo "2344"]
[BlackElo "2388"]
[TimeControl "180+2"]
[EndTime "13:47:45 PDT"]
[Termination "sorito won by resignation"]

1. e4 c5 2. Nf3 a6 3. c3 e6 4. d4 d5 5. e5 Nc6 6. Bd3 Bd7 7. a3 Rc8 8. O-O cxd4 9. cxd4 Qb6 10. Bc2 Na5 11. Nbd2 Bb5 12. Re1 Nc4 13. Nxc4 Bxc4 14.
Ng5 Ne7 15. Nxh7 Rxh7 16. Bxh7 g6 17. Bg5 Nf5 18. Be3 Be7 19. Rc1 Kd7 20. Qf3 Rh8 21. g4 Nxe3 22. fxe3 Rxh7 23. b4 Bg5 24. Rc3 Qd8 25. Rec1 b5 26. a4 Qb6 27. axb5 Qxb5 28. Ra3 Bd8 29. Rb1 Be7 30. Qd1 Bxb4 31. Raa1 a5 32.
Qa4 Qxa4 33. Rxa4 Kc6 34. Raa1 Rh4 0-1

[Event "*** Titled Tuesday 3|2 Blitz"]
[Site "Chess.com"]
[Date "2017.05.02"]
[Round "4"]
[White "iturrizaga"]
[Black "GMAkobianSTL"]
[Result "1-0"]
[WhiteElo "2681"]
[BlackElo "2602"]
[TimeControl "180+2"]
[EndTime "13:47:50 PDT"]
[Termination "iturrizaga won on time"]

1. Nf3 d5 2. c4 e6 3. g3 Nf6 4. Bg2 dxc4 5. Qa4+ Bd7 6. Qxc4 c5 7.
Qc2 Bc6 8. O-O Nbd7 9. a4 Be7 10. Nc3 O-O 11. d3 Rc8 12. e4 b6 13. Qe2 Qc7 14. d4 Rfe8 15. Rd1 Qb7 16. Ne5 Nxe5 17. dxe5 Nd7 18. f4 a6 19. Bf1 c4 20. Be3 Nc5 21. Qxc4 Nxe4 22. Nxe4 Bxe4 23. Qxa6 Qxa6 24. Bxa6 Rc2 25.
Bb5 Rec8 26. Rac1 Rg2+ 27. Kf1 Rxc1 28. Rxc1 h5 29. Rc8+ Kh7 30. Bd3 Bxd3+ 31. Kxg2 1-0

[Event "*** Titled Tuesday 3|2 Blitz"]
[Site "Chess.com"]
[Date "2017.05.02"]
[Round "4"]
[White "XiaoKangZhong"]
[Black "Quiet_Desperation"]
[Result "0-1"]
[WhiteElo "2003"]
[BlackElo "2173"]
[TimeControl "180+2"]
[EndTime "13:48:12 PDT"]
[Termination "Quiet_Desperation won by checkmate"]

1. e4 Nc6 2. d4 d5 3. exd5 Qxd5 4. Nc3 Qxd4 5. Be3 Qxd1+ 6. Rxd1 Bd7 7. Nd5 O-O-O 8. Bb5 e6 9. Nc3 Nf6 10. a4 Bb4 11. Ne2 a6 12. Bd3 Ng4 13. Bd2 Nge5 14. O-O Nxd3 15. cxd3 Ne5 16. Be1 Bc6 17. d4 Nc4 18. b3 Nd6 19. Nb5 Bxb5 20. axb5 Bxe1 21. bxa6 Bb4 22. a7 Kd7 23. Nf4 Ra8 24. Ra1 Nc8 25.
Nd3 Bd6 26. Ra2 Rxa7 27. Rfa1 Rxa2 28. Rxa2 Nb6 29. Nc5+ Bxc5 30. dxc5 Nd5 31. Rd2 Kc6 32. Rc2 Ra8 33. h4 Ra3 34. Kh2 Rxb3 35. f3 Rc3 36.
Rb2 Rxc5 37. Kg3 Rc4 38. h5 h6 39. Kf2 b5 40. g4 Nf4 41. Kg3 Nd5 42. Ra2 b4 43. Ra6+ Nb6 44. Ra2 Kb5 45. f4 b3 46.
Rb2 Kb4 47. g5 hxg5 48. fxg5 Rc5 49. Kh4 Kc3 50. Rb1 b2 51. h6 gxh6 52. gxh6 Rd5 53. h7 Rd8 54. Rg1 Rh8 55. Rg3+ Kc2 56. Rg2+ Kb3 57.
Rg3+ Ka2 58. Rg7 b1=Q 59. Kg5 Rxh7 60. Rxh7 Qxh7 61. Kf6 Qf5+ 62. Ke7 e5 63. Kf8 e4 64.
Kg7 e3 65. Kf8 e2 66. Kg7 e1=Q 67. Kf8 Nd7+ 68. Kg7 Qg3+ 69. Kh8 Qh4+ 70. Kg7 Qhg4+ 71. Kh8 Qgh5+ 72. Kg7 Qhg6+ 73. Kh8 Qfh5# 0-1

[Event "*** Titled Tuesday 3|2 Blitz"]
[Site "Chess.com"]
[Date "2017.05.02"]
[Round "4"]
[White "Kozok"]
[Black "BigMak2500"]
[Result "0-1"]
[WhiteElo "2232"]
[BlackElo "2395"]
[TimeControl "180+2"]
[EndTime "13:48:14 PDT"]
[Termination "BigMak2500 won by checkmate"]

1. e4 c5 2. Nf3 d6 3. d4 cxd4 4. Nxd4 Nf6 5. Nc3 a6 6. Be3 e5 7. Nb3 Be6 8. h3 h5 9. f4 Qc7 10. Qf3 Nbd7 11. Nd2 exf4 12. Bxf4 Ne5 13. Qe3 Be7 14.
O-O-O Rc8 15. Bd3 b5 16. a3 Rb8 17. Nf3 b4 18. axb4 Rxb4 19. Bxa6 O-O 20. Bd3 Rfb8 21.
Kd2 Rxb2 22. Rb1 Qa5 23. Ra1 Qb4 24. Nxe5 dxe5 25. Bxe5 Rc8 26. Rhb1 Bc5 27. Qg5 Bd4 28. Ra3 Rxb1 29. Bxd4 Qxd4 30. e5 Qf2+ 31. Ne2 Nd5 32. Ra4 Qe1# 0-1

[Event "*** Titled Tuesday 3|2 Blitz"]
[Site "Chess.com"]
[Date "2017.05.02"]
[Round "4"]
[White "djogrodek1"]
[Black "penguingm1"]
[Result "0-1"]
[WhiteElo "2417"]
[BlackElo "2587"]
[TimeControl "180+2"]
[EndTime "13:48:27 PDT"]
[Termination "penguingm1 won by checkmate"]

1. c4 e6 2. Nf3 Nf6 3. g3 d5 4. Bg2 Be7 5. O-O O-O 6. b3 c5 7. e3 Nc6 8. Bb2 b6 9. Nc3 dxc4 10. bxc4 Bb7 11. Qe2 Qc7 12. Rac1 Rfd8 13. Rfd1 a6 14. d4 Na5 15. Nb1 Rac8 16. Nbd2 Bc6 17. Nb3 Ba4 18. Rd3 Nxb3 19. axb3 Bc6 20. Rdd1 cxd4 21. Bxd4 Qb7 22.
Nh4 Bxg2 23. Nxg2 b5 24. Ne1 h6 25. Nf3 Ne4 26. cxb5 axb5 27. Ne5 Bf6 28. f3 Bxe5 29. Bxe5 Rxc1 30. Rxc1 Rd2 31. Qf1 Ng5 32. e4 Qb6+ 33. Kh1 Rf2 34. Rc8+ Kh7 35. Qa1 Nxf3 36. g4 Nxe5 37.
Qxe5 Rf1+ 38. Kg2 Qg1+ 39. Kh3 Rf3+ 40. Kh4 g5+ 41. Kh5 Rh3# 0-1

[Event "*** Titled Tuesday 3|2 Blitz"]
[Site "Chess.com"]
[Date "2017.05.02"]
[Round "4"]
[White "Alexander_Donchenko"]
[Black "Rikikits"]
[Result "0-1"]
[WhiteElo "2505"]
[BlackElo "2578"]
[TimeControl "180+2"]
[EndTime "13:48:32 PDT"]
[Termination "Rikikits won by resignation"]

1. e4 c5 2. Nf3 Nc6 3. Bb5 e6 4.
Bxc6 bxc6 5. d3 Ne7 6. O-O f6 7. Be3 Ng6 8. Na3 d5 9. c4 d4 10. Bd2 Bd6 11. Ne1 e5 12. Nac2 O-O 13. b4 f5 14.
bxc5 Bxc5 15. Bb4 Bxb4 16. Nxb4 fxe4 17. dxe4 a5 18. Nbd3 Qh4 19. Nf3 Qe7 20. Nd2 Bd7 21. Rb1 Qa3 22. Qb3 Qd6 23. g3 Kh8 24. Qb6 Bh3 25. Rfe1 Nh4 26. Qc5 Qf6 27. f4 exf4 28. Nxf4 Bg4 29. Rb7 Ng6 30. e5 Qg5 31. Ne4 Qh6 32. Nd3 Bh3 33. Qxd4 Rad8 34. Nd6 Qd2 35. Qe4 Nxe5 36. Rb2 Qxd3 37. Qxe5 Qf1+ 0-1

[Event "*** Titled Tuesday 3|2 Blitz"]
[Site "Chess.com"]
[Date "2017.05.02"]
[Round "4"]
[White "jcibarra"]
[Black "yurisolo"]
[Result "0-1"]
[WhiteElo "2644"]
[BlackElo "2515"]
[TimeControl "180+2"]
[EndTime "13:48:43 PDT"]
[Termination "yurisolo won by checkmate"]

1. e4 c5 2. Nf3 e6 3. d4 cxd4 4.
Nxd4 Nc6 5. Nc3 d6 6. Be3 Nf6 7.
f3 Be7 8. Qd2 O-O 9. O-O-O a6 10. g4 Nd7 11. h4 Nde5 12. Qg2 Nxd4 13. Bxd4 Bd7 14. g5 b5 15. Bd3 Nxd3+ 16. cxd3 b4 17. Ne2 e5 18. Be3 b3 19. a3 Rc8+ 20.
Kb1 Rc2 21. Rd2 d5 22. Nc1 Ba4 23. Re1 d4 24. Bg1 Qa5 25. Ree2 Rfc8 26. Nxb3 Bxb3 27. Rxc2 Rb8 28. g6 Bxa3 29. gxh7+ Kh8 30. Qg4 Bf8 31. Kc1 Qa1+ 32. Kd2 Bb4+ 33. Rc3 Qd1# 0-1

[Event "*** Titled Tuesday 3|2 Blitz"]
[Site "Chess.com"]
[Date "2017.05.02"]
[Round "4"]
[White "grzechu96"]
[Black "DryCounty"]
[Result "1-0"]
[WhiteElo "2377"]
[BlackElo "2470"]
[TimeControl "180+2"]
[EndTime "13:48:48 PDT"]
[Termination "grzechu96 won by resignation"]

1. e4 e5 2. Nf3 Nc6 3. Bc4 Nf6 4. d3 Be7 5. O-O O-O 6. Re1 d6 7.
a4 Na5 8. Ba2 c5 9. c3 Nc6 10.
Na3 Be6 11. Bxe6 fxe6 12. Nc4 Qd7 13. Bd2 h6 14. b4 cxb4 15. cxb4 Kh7 16. b5 Nd8 17.
Rc1 Nf7 18. Qe2 Rac8 19. Be3 b6 20. d4 Nxe4 21. Qd3 d5 22. Ncxe5 Qb7 23. Nxf7 Rxf7 24. Ne5 Rxc1 25. Rxc1 Rf5 26. f3 Bf6 27. Nc6 Ng5 28. Bxg5 Bxg5 29. Re1 Kg8 30. Rxe6 Rf8 31. Qb3 Qd7 32.
Re5 Kh7 33. Qxd5 Qc7 34. Qe4+ Kh8 35. d5 Qd6 36. g3 Qa3 37. f4 Bf6 38. Re8 Qc5+ 39.
Kg2 Rxe8 40. Qxe8+ Kh7 41. Qe4+ Kh8 42. Ne5 Kg8 43. Nd7 Qe7 44. Qxe7 Bxe7 45. Ne5 Bc5 46. Kf3 Kf8 47. Nd7+ Ke7 48. Nxc5 bxc5 49. Ke4 Kd6 50. a5 c4 51. Kd4 c3 52. Kxc3 Kxd5 53. Kb4 Kd6 54.
g4 g6 55. f5 gxf5 56. gxf5 h5 1-0

[Event "*** Titled Tuesday 3|2 Blitz"]
[Site "Chess.com"]
[Date "2017.05.02"]
[Round "4"]
[White "martinique24"]
[Black "Saitama_Hero"]
[Result "1-0"]
[WhiteElo "2437"]
[BlackElo "2269"]
[TimeControl "180+2"]
[EndTime "13:48:48 PDT"]
[Termination "martinique24 won by resignation"]

1. e4 d6 2. d4 Nf6 3. Nc3 c6 4. f4 Qa5 5. Bd3 e5 6. Nf3 Bg4 7. Be3 Nbd7 8. O-O Be7 9. h3 Bxf3 10. Qxf3 exf4 11. Bxf4 g5 12. Bh2 h5 13. e5 dxe5 14.
dxe5 g4 15. Qf5 Nd5 16. Qxf7+ Kd8 17. Nxd5 cxd5 18. e6 Nc5 19. Be5 Rf8 20. Qxf8+ Bxf8 21. Rxf8+ Ke7 22. Rxa8 gxh3 23. gxh3 Qd2 24. Bd4 Nxd3 25. cxd3 Qxd3 26. Bc5+ Kxe6 27. Re1+ Kd7 28. Rg8 Qxh3 29. a4 b6 30. Bf2 Kc6 31. Rc1+ Kb7 32. a5 Qe6 33. Rg7+ Ka6 34. axb6 axb6 35. Rcc7 h4 36. Rb7 h3 37. Rxb6+ Qxb6 38. Bxb6 1-0

[Event "*** Titled Tuesday 3|2 Blitz"]
[Site "Chess.com"]
[Date "2017.05.02"]
[Round "4"]
[White "Spartakus1975"]
[Black "MagnusCarlsen"]
[Result "0-1"]
[WhiteElo "2590"]
[BlackElo "2977"]
[TimeControl "180+2"]
[EndTime "13:48:52 PDT"]
[Termination "MagnusCarlsen won by checkmate"]

1. e4 e5 2. Nf3 Nc6 3. Bb5 Nf6 4. O-O Nxe4 5. Re1 Nd6 6. Nxe5 Be7 7. Bf1 Nf5 8. c3 Nxe5 9. Rxe5 d6 10. Re1 O-O 11. d4 d5 12. Bf4 Bd6 13. Bxd6 Nxd6 14. Nd2 Bf5 15. Qf3 Qg5 16. Qe3 Qxe3 17. Rxe3 Rfe8 18. Rae1 Rxe3 19. Rxe3 Kf8 20. f3 a5 21. g4 Bg6 22.
Kf2 a4 23. a3 b5 24. f4 Bc2 25.
Bg2 c6 26. f5 Rb8 27. Ke1 h6 28. h3 g6 29. fxg6 fxg6 30. Nf3 Nc4 31. Re2 Bd3 32.
Rf2 Re8+ 33. Kd1 Kg7 34. Kc1 Re3 35. Bf1 Bxf1 36. Rxf1 Re2 37. Re1 Rxb2 38. Re7+ Kf8 39. Rc7 Rb3 40. Nh4 Rxc3+ 41. Kb1 Nxa3+ 42. Kb2 b4 43. Nxg6+ Ke8 44. Nf4 Rc2+ 45. Ka1 b3 46. Ne6 Ra2# 0-1

[Event "*** Titled Tuesday 3|2 Blitz"]
[Site "Chess.com"]
[Date "2017.05.02"]
[Round "4"]
[White "severomorskij"]
[Black "bancsoo"]
[Result "0-1"]
[WhiteElo "2680"]
[BlackElo "2598"]
[TimeControl "180+2"]
[EndTime "13:48:56 PDT"]
[Termination "bancsoo won by resignation"]

1. d4 d5 2. c4 c6 3. Nc3 Nf6 4.
Nf3 dxc4 5. a4 Bf5 6. Nh4 e6 7. Nxf5 exf5 8. e3 Bb4 9. Bxc4 O-O 10. Qc2 g6 11. O-O Nbd7 12. f3 Rc8 13. Ba2 c5 14. Qf2 a6 15. Kh1 Qb6 16. d5 Qd6 17. e4 fxe4 18. Nxe4 Nxe4 19. fxe4 f6 20. Bh6 Rf7 21. Bf4 Ne5 22. h3 c4 23. Qg3 Re7 24. Rad1 b5 25.
axb5 axb5 26. Bb1 Rce8 27. Bc2 Qd7 28. Bxe5 fxe5 29. Rf6 Rf7 30. Rdf1 Rxf6 31. Rxf6 Bd6 32. Bd1 Rf8 33. Bg4 Qe7 34. Re6 Rf1+ 35. Kh2 Qa7 36. Qc3 Qg1+ 37. Kg3 Bc5 38. Qxe5 Bf2+ 39. Kf4 Bd4+ 40.
Kg5 Bxe5 41. Rxe5 Qe3+ 42. Kh4 Qh6+ 0-1

[Event "*** Titled Tuesday 3|2 Blitz"]
[Site "Chess.com"]
[Date "2017.05.02"]
[Round "4"]
[White "TheNextLevelFan"]
[Black "Aygehovit1992"]
[Result "0-1"]
[WhiteElo "2388"]
[BlackElo "2510"]
[TimeControl "180+2"]
[EndTime "13:48:58 PDT"]
[Termination "Aygehovit1992 won by resignation"]

1. d4 Nf6 2. c4 e6 3. Nf3 d5 4.
Nc3 Bb4 5. e3 O-O 6. Bd3 c5 7.
O-O Nc6 8. cxd5 exd5 9. a3 Bxc3 10. bxc3 c4 11. Bc2 Re8 12. Nd2 Bg4 13. f3 Bh5 14. Re1 Qc7 15. a4 Re6 16. Nf1 Bg6 17. Ng3 Bxc2 18.
Qxc2 Rae8 19. Bd2 h5 20. Ne2 h4 21. Nf4 R6e7 22. Qf5 Qd7 23. Qg5 Na5 24. Rad1 Nb3 25. a5 Qc6 26. Kf2 Qb5 27. Qxh4 Qxa5 28. Qg5 Nxd2 29. Rxd2 Qxc3 30. Rde2 Qa5 31. e4 Qb6 32. e5 Qxd4+ 33. Kf1 Nh7 34. Qf5 g6 35. Nxg6 fxg6 36. Qxg6+ Kh8 37. e6 Qf6 38. Qh5 d4 39. Re4 c3 40. Rh4 c2 41. Rhe4 d3 0-1

[Event "*** Titled Tuesday 3|2 Blitz"]
[Site "Chess.com"]
[Date "2017.05.02"]
[Round "4"]
[White "Yaacovn"]
[Black "Larax"]
[Result "0-1"]
[WhiteElo "2526"]
[BlackElo "1985"]
[TimeControl "180+2"]
[EndTime "13:48:59 PDT"]
[Termination "Larax won on time"]

1. d4 Nf6 2. e3 g6 3. Nf3 Bg7 4. Be2 O-O 5. O-O c5 6. b3 d6 7.
Bb2 b6 8. c4 Bb7 9. Nc3 Nbd7 10. Qc2 Rc8 11. d5 a6 12. a4 e5 13. dxe6 fxe6 14.
Rad1 Qe7 15. Ng5 d5 16. Bf3 Ne5 17. Be2 dxc4 18. bxc4 Rfd8 19. h3 h6 20. Nge4 Nxe4 21. Nxe4 Kh7 22. f4 Nc6 23. Bxg7 Kxg7 24. Qb2+ Kf7 25. Qxb6 Nb4 26. Nd6+ Rxd6 27. Qxd6 Nc2 28. Qxe7+ Kxe7 29. Kf2 e5 30. Rd2 Be4 31. fxe5 Rf8+ 0-1

[Event "*** Titled Tuesday 3|2 Blitz"]
[Site "Chess.com"]
[Date "2017.05.02"]
[Round "4"]
[White "Drags95"]
[Black "PaulfromSPb"]
[Result "0-1"]
[WhiteElo "2523"]
[BlackElo "2574"]
[TimeControl "180+2"]
[EndTime "13:49:06 PDT"]
[Termination "PaulfromSPb won by resignation"]

1. e4 c5 2. Nf3 a6 3. c4 e6 4. d4 cxd4 5. Nxd4 Nf6 6. Nc3 Bb4 7.
Qd3 Nc6 8. Nxc6 dxc6 9. Qxd8+ Kxd8 10. e5 Nd7 11. Bf4 Kc7 12. O-O-O Bxc3 13. bxc3 Nc5 14. f3 b6 15. h4 Bb7 16. h5 Rad8 17. Be2 Rxd1+ 18. Rxd1 Rd8 19. Rxd8 Kxd8 20. h6 g6 21. Be3 Nd7 22. f4 c5 23. g4 Be4 24. Kd2 Kc7 25.
a3 Nb8 26. Bf2 Nc6 27. Ke3 Bb1 28. Bh4 Na5 29. Bf6 Kd7 30. Bd3 Bxd3 31. Kxd3 Kc6 32.
a4 Nb3 33. Kc2 Na5 34. Kd3 Nb3 35. Kc2 Na5 36. Kd3 b5 37. cxb5+ axb5 38. Bd8 Nb7 39. axb5+ Kxb5 40. c4+ Kb4 41. Bb6 Na5 42. Bxa5+ Kxa5 43. f5 Kb4 44. Ke4 Kxc4 45. Kf4 Kd4 0-1

[Event "*** Titled Tuesday 3|2 Blitz"]
[Site "Chess.com"]
[Date "2017.05.02"]
[Round "4"]
[White "spectralsoul"]
[Black "Iball95"]
[Result "1-0"]
[WhiteElo "2654"]
[BlackElo "2501"]
[TimeControl "180+2"]
[EndTime "13:49:08 PDT"]
[Termination "spectralsoul won by checkmate"]

1. Nf3 c5 2. c4 Nf6 3. Nc3 Nc6 4.
d4 cxd4 5. Nxd4 g6 6. e4 d6 7. Nc2 Bg7 8. Be2 O-O 9. O-O Nd7 10. Be3 Nc5 11. Nd4 Nxd4 12. Bxd4 Bxd4 13. Qxd4 a5 14. b3 Bd7 15. f4 Bc6 16. Kh1 Rc8 17. Bg4 e6 18. Rad1 Qe7 19. Bf3 Rcd8 20. Qe3 b6 21.
Rd2 Rd7 22. Rfd1 Rfd8 23. h3 Qf8 24. Ne2 Bb7 25. a3 f5 26. exf5 exf5 27. Bxb7 Rxb7 28. Qf3 Ne4 29. Rd5 Qg7 30. Nd4 Re8 31. Kh2 Rc7 32. Nb5 Rc5 33. Nxd6 Nxd6 34. Rxd6 b5 35. cxb5 Rxb5 36.
Qc6 Rbb8 37. Rd7 Re7 38. Rxe7 Qxe7 39. Rd7 Qe4 40. Qd6 Re8 41. Ra7 Qc2 42. Qd5+ Kf8 43. Qf7# 1-0

[Event "*** Titled Tuesday 3|2 Blitz"]
[Site "Chess.com"]
[Date "2017.05.02"]
[Round "4"]
[White "stepanosinovsky"]
[Black "GM_Huschenbeth"]
[Result "1-0"]
[WhiteElo "2237"]
[BlackElo "2333"]
[TimeControl "180+2"]
[EndTime "13:49:11 PDT"]
[Termination "stepanosinovsky won by resignation"]

1. e4 c5 2. Nf3 d6 3. d4 cxd4 4.
Nxd4 Nf6 5. Nc3 a6 6. Be3 e6 7.
f4 Qc7 8. Qf3 Nc6 9. O-O-O Nxd4 10. Bxd4 e5 11. fxe5 dxe5 12. Qg3 Ng4 13. Nd5 Qc6 14.
Bxe5 f6 15. Bf4 Kf7 16. Be2 h5 17. h3 h4 18. Qb3 Nf2 19. Nb4+ Be6 20. Nxc6 Bxb3 21.
Rd7+ Kg6 22. axb3 Nxh1 23. Rxb7 Nf2 24. Bf3 Re8 25. e5 Kf5 26. Be3 Nh1 27. Bg4+ Ke4 28.
Bd7 Kxe3 29. Bxe8 fxe5 30. Nxe5 Bc5 31. Ng4+ Kf4 32. Bc6 Rd8 33. Rf7+ Kg3 34. Rf3+ 1-0

[Event "*** Titled Tuesday 3|2 Blitz"]
[Site "Chess.com"]
[Date "2017.05.02"]
[Round "4"]
[White "Mbneu"]
[Black "AdrianaNikolova"]
[Result "0-1"]
[WhiteElo "2137"]
[BlackElo "2312"]
[TimeControl "180+2"]
[EndTime "13:49:13 PDT"]
[Termination "AdrianaNikolova won by resignation"]

1. d4 Nf6 2. c4 e6 3. Nc3 Bb4 4.
Bg5 h6 5. Bh4 c5 6. dxc5 Na6 7.
Rc1 Nxc5 8. Nf3 Nce4 9. e3 Qa5 10. Bxf6 Nxf6 11. Bd3 d5 12. O-O dxc4 13. Bxc4 O-O 14.
a3 Be7 15. Qb3 b6 16. Nd4 Qg5 17. f4 Qg6 18. Rf3 Nh5 19. Nc6 Bf6 20. Ne2 Bb7 21. Bd3 Qg4 22. h3 Qh4 23. Kh2 Bd8 24. g3 Qf6 25. g4 Rc8 26. Ned4 Bxc6 27. Rxc6 Rxc6 28. Nxc6 e5 29. Nxe5 Bc7 30. Nd7 Qc6 31. Nxf8 Qxf3 32. Bh7+ Kxf8 33. gxh5 Qf2+ 34. Kh1 Qf3+ 35. Kh2 Bxf4+ 36.
Kg1 Bxe3+ 0-1

[Event "*** Titled Tuesday 3|2 Blitz"]
[Site "Chess.com"]
[Date "2017.05.02"]
[Round "4"]
[White "Michelangelo"]
[Black "DrVitman"]
[Result "1/2-1/2"]
[WhiteElo "2608"]
[BlackElo "2614"]
[TimeControl "180+2"]
[EndTime "13:49:21 PDT"]
[Termination "Game drawn by repetition"]

1. d4 d5 2. c4 e6 3. Nf3 Nf6 4.
Nc3 Nbd7 5. e3 b6 6. cxd5 Nxd5 7. Nxd5 exd5 8. Bd3 Bd6 9. O-O Bb7 10. Qc2 Qe7 11. b4 g6 12. b5 O-O 13. Bb2 f5 14. a4 f4 15. Rfe1 fxe3 16. Rxe3 Qg7 17. Rae1 Nf6 18. Ne5 Rae8 19. f3 Nh5 20. Qb3 Nf4 21. Bf1 Re7 22. Ba3 Rfe8 23. Qc3 Bxa3 24. Qxa3 Ne6 25. Qc3 Qf6 26.
g3 Kg7 27. f4 g5 28. f5 Nd8 29. Bd3 h5 30. Kf2 Nf7 31. h3 Bc8 32. g4 h4 33.
Nxf7 Rxe3 34. Rxe3 Rxe3 35. Kxe3 Qxf7 36. Qc6 Qe7+ 37. Kf3 Qd6 38. Qxd6 cxd6 39. Ke3 Bd7 40. Kd2 Be8 41. Kc3 Kf6 42. Kb4 Bf7 43. Be2 Bg8 44.
Bf3 Bf7 45. Bg2 Bg8 46. Bf3 Bf7 47. Bg2 Bg8 48. Bf3 Bf7 49. Bg2 1/2-1/2

[Event "*** Titled Tuesday 3|2 Blitz"]
[Site "Chess.com"]
[Date "2017.05.02"]
[Round "4"]
[White "saraswathii"]
[Black "FearlessKing64"]
[Result "1-0"]
[WhiteElo "2222"]
[BlackElo "2133"]
[TimeControl "180+2"]
[EndTime "13:49:34 PDT"]
[Termination "saraswathii won by resignation"]

1. e4 c5 2. Nf3 d6 3. d3 g6 4. g3 Bg7 5. Bg2 e6 6. O-O Nc6 7. c3 Nge7 8. Qe2 O-O 9. Be3 Rb8 10. d4 cxd4 11. cxd4 d5 12. e5 Nf5 13. Nc3 Nxe3 14. Qxe3 Bd7 15. h4 h5 16. Rac1 Rc8 17.
b3 Qe7 18. Na4 b6 19. Nc3 Nb4 20. Qd2 Rc7 21. a3 Na6 22. b4 Rfc8 23. Qd3 Nb8 24. Ng5 Rc4 25. Rfe1 Bh6 26. f4 a5 27. Bxd5 Rxc3 28. Rxc3 exd5 29. Rxc8+ Bxc8 30. bxa5 bxa5 31. Qc3 Bf5 32. Qxa5 Nd7 33. Rc1 Bxg5 34. hxg5 Be4 35. Qb4 Qe6 36. Rc8+ Kg7 37. Kh2 h4 38. Rc3 Qg4 39.
Qb2 Nf8 40. Qf2 Ne6 41. gxh4 Nxf4 42. a4 Nd3 43. Qf6+ Kf8 44. Qh8+ Ke7 45. Rc7+ 1-0

[Event "*** Titled Tuesday 3|2 Blitz"]
[Site "Chess.com"]
[Date "2017.05.02"]
[Round "4"]
[White "TheLancer"]
[Black "Malev212"]
[Result "0-1"]
[WhiteElo "2433"]
[BlackElo "2490"]
[TimeControl "180+2"]
[EndTime "13:49:42 PDT"]
[Termination "Malev212 won by checkmate"]

1. e4 g6 2. d4 Bg7 3. Nc3 c6 4.
Nf3 d5 5. h3 Nh6 6. Bd3 O-O 7.
O-O f6 8. exd5 cxd5 9. Qe2 Nf7 10.
Bf4 Nc6 11. Bb5 e5 12. Bxc6 bxc6 13. dxe5 Re8 14. e6 Bxe6 15. Qa6 Qc8 16. Qd3 Ne5 17. Qd1 Rb8 18. Rb1 Rb4 19. Nd4 Bf7 20. a3 Rb7 21. b4 Nc4 22. Rb3 Rbe7 23. Na4 g5 24.
Bg3 f5 25. Nc5 f4 26. Bh2 Bg6 27. h4 h6 28. g3 fxg3 29. Bxg3 gxh4 30. Bh2 Re4 31.
Nf3 Kh7 32. Kh1 Rg4 33. Rg1 Rxg1+ 34. Qxg1 Bh5 35. Qf1 Kh8 36. Nxh4 Nd2 37. Qd3 Re1+ 38. Kg2 Nxb3 39. Qxb3 Qg4+ 40. Bg3 Bg6 41. Nxg6+ Qxg6 42. Qa4 Qh5 43. Bh2 Qe2 44. Bg3 Qf1+ 45. Kf3 Qh1+ 46.
Kf4 Qh5 47. Qxc6 Be5# 0-1

[Event "*** Titled Tuesday 3|2 Blitz"]
[Site "Chess.com"]
[Date "2017.05.02"]
[Round "4"]
[White "chessdude"]
[Black "joppie2"]
[Result "1-0"]
[WhiteElo "2431"]
[BlackElo "2520"]
[TimeControl "180+2"]
[EndTime "13:49:43 PDT"]
[Termination "chessdude won by resignation"]

1. Nf3 d5 2. d4 Nf6 3. c4 c6 4. Nc3 dxc4 5. a4 e6 6. e3 c5 7. Bxc4 Nc6 8. O-O Be7 9. Qe2 cxd4 10. exd4 O-O 11. Rd1 Nb4 12. Bg5 h6 13. Bh4 Bd7 14. Ne5 Bc6 15. a5 Rc8 16. Nxc6 bxc6 17.
Bg3 Bd6 18. Be5 Rb8 19. Ra4 Nbd5 20. Ba2 Qe7 21. Bb1 Rfd8 22. Qc2 Bxe5 23. dxe5 Nxc3 24. Rxd8+ Qxd8 25. bxc3 Rb2 26. Rd4 Qxd4 27. cxd4 Rxc2 28. Bxc2 Nd5 29. Be4 Kf8 30. Kf1 Ke7 31. Ke1 Kd7 32. Kd2 Ne7 33. Kc3 Kc7 34. Kb4 f5 35. exf6 gxf6 36.
Kc5 h5 37. g3 Nd5 38. Bxd5 cxd5 39. f3 Kd7 40. h3 Ke7 41. Kc6 a6 42. h4 Ke8 43.
Kd6 Kf7 44. f4 f5 45. Kd7 Kf6 46. Ke8 e5 47. fxe5+ Ke6 48. Kd8 f4 49. gxf4 Kf5 50. Kd7 1-0